 Dungeon Crawl Stone Soup version 0.26.1-11-gd32895ea62 (webtiles) character file.

Game seed: 6914403342587579945

29 Felido the Cutter (level 3, -3/19 HPs)
             Began as a Deep Elf Chaos Knight on June 27, 2021.
             Was a Plaything of Xom.
             Slain by Sigmund
             ... wielding a +0 scythe
              (4 damage)
             ... on level 2 of the Dungeon.
             The game lasted 00:03:18 (1628 turns).

Felido the Cutter (Deep Elf Chaos Knight)           Turns: 1628, Time: 00:03:19

Health: -3/19      AC:  2    Str: 10    XL:     3   Next: 1%
Magic:  5/5        EV: 11    Int: 14    God:    Xom [....*.]
Gold:   49         SH:  0    Dex: 14    Spells: 2/2 levels left

rFire    + . .     SeeInvis .   a - +0 short sword (chaos)
rCold    x . .     Faith    .   (no shield)
rNeg     . . .     Spirit   .   e - +0 ring mail
rPois    .         Reflect  .   (no helmet)
rElec    .         Harm     .   (no cloak)
rCorr    .         Rampage  .   (no gloves)
Will     .....                  (no boots)
Stlth    +.........             (no amulet)
HPRegen  0.06/turn              f - ring of fire
MPRegen  0.09/turn              (no ring)

@: no status effects
A: deformed body, dopey 1, frail 1, screaming 1
a: Renounce Religion


You were on level 2 of the Dungeon.
You worshipped Xom.
You were a beloved toy of Xom.
You visited 1 branch of the dungeon, and saw 2 of its levels.

You collected 49 gold pieces.

Inventory:

Hand Weapons
 a - a +0 short sword of chaos (weapon)
 g - a +0 quarterstaff
Armour
 b - a +2 leather armour
 e - a +0 ring mail (worn)
Jewellery
 f - a ring of fire (left hand)
Potions
 d - a potion of curing {unknown}


   Skills:
 + Level 2.7 Fighting
 + Level 3.7 Short Blades
 + Level 0.8 Armour
 + Level 2.5 Dodging
 + Level 0.2 Stealth


You had 2 spell levels left.
You didn't know any spells.
Your spell library was empty.

Dungeon Overview and Level Annotations

Branches:
Dungeon (2/15)

Altars:

Annotations:
D:2 Sigmund


Innate Abilities, Weirdness & Mutations

Armour fits poorly on your strangely shaped body.
You are dopey. (Int -2)
You are frail. (-10% HP)
You occasionally shout uncontrollably at your foes.


Message History

The magic dart hits you.
A goblin comes into view. It is wielding a +0 club.
The goblin shouts!
The rat bites you.
You completely miss the rat. The rat barely misses you.
You hit the rat.
You kill the rat!
Sigmund hits you with a +0 scythe.
* * * LOW HITPOINT WARNING * * *
You see here a rat corpse.
You hit Sigmund.
Sigmund is lightly wounded.
Sigmund closely misses you.
As you read the scroll labelled VIGYST RIRIPT, it crumbles to dust.
You hear a loud clanging noise!
It was a scroll of noise.
You hear a shout! x2; You hear an angry hiss.
Sigmund hits you with a +0 scythe.
You die...
Xom chuckles heartily!

####### #.....#
...... #.....#
.r...### #.....#
.>.....# #.....#
.....#.####.....#
..K....##.....#
..@....##g....#..
#....##@(.....#
#(....@......##
#..<..K.....$#
#....#.##.##>..
#..†....#.# .#
#...#......# #
#...###.....
#...# .....#
##### ##....


You could see Sigmund (fast), a goblin and a kobold.

Vanquished Creatures
  A dart slug (D:1)
  2 leopard geckos (D:1)
  3 bats (D:1)
  5 goblins (D:1)
  4 hobgoblins
  3 frilled lizards (D:1)
  A kobold (D:1)
  5 rats
24 creatures vanquished.

Notes
Turn   | Place    | Note
-------+----------+-------------------------------------------
     0 | D:1      | Felido the Deep Elf Chaos Knight began the quest for the
                  | Orb.
     0 | D:1      | Reached XP level 1. HP: 13/13 MP: 3/3
   342 | D:1      | Reached XP level 2. HP: 17/18 MP: 4/4
   489 | D:1      | XOM: silly message
   636 | D:1      | XOM: silly message
   798 | D:1      | XOM: divination: detect items
   958 | D:1      | XOM: butterfly on damage
  1159 | D:1      | XOM: give mutations
  1159 | D:1      | Gained mutation: You occasionally shout uncontrollably at
                  | your foes. [Xom's mischief]
  1159 | D:1      | Gained mutation: Armour fits poorly on your strangely
                  | shaped body. [Xom's mischief]
  1159 | D:1      | Gained mutation: You are frail. (-10% HP) [Xom's mischief]
  1159 | D:1      | Gained mutation: You are dopey. (Int -2) [Xom's mischief]
  1477 | D:1      | XOM: god gift: quarterstaff {god gift}
  1566 | D:2      | Reached XP level 3. HP: 16/19 MP: 5/5
  1616 | D:2      | Noticed Sigmund
  1628 | D:2      | Slain by Sigmund

Illustrated notes

Levels and vault maps discovered:
D:1:      eino_arrival_water_star, layout_loops_corners
D:2:      layout_rooms, tgw_xom, uniq_sigmund

Action                   || total
-------------------------++-------
Melee: Short sword       ||    79
  Use: Scroll            ||     4
Armor: Leather armour    ||     5
       Ring mail         ||    12
Dodge: Dodged            ||    30
